 Dungeon Crawl Stone Soup version 0.31-a0-102-g33a4ccc0cb (webtiles) character file.

Game seed: 236824819378232830

476078 Mahakala the Slayer (level 23, -22/236 HPs)
             Began as a Minotaur Berserker on May 26, 2023.
             Was the Champion of Trog.
             Killed from afar by a frost giant (42 damage)
             ... with a bolt of cold
             ... on level 5 of the Vaults on May 27, 2023.
             The game lasted 04:16:57 (59100 turns).

Mahakala the Slayer (Minotaur Berserker)           Turns: 59100, Time: 04:16:57

Health: -22/236    AC: 43    Str: 29    XL:     23   Next: 62%
Magic:  22/22      EV: 12    Int:  6    God:    Trog [******]
Gold:   5077       SH: 17    Dex: 21    Spells: 22/22 levels left

rFire   + + .        a - +9 broad axe (heavy)
rCold   . . .        h - +2 kite shield
rNeg    + . .        N - +5 crystal plate armour
rPois   +            B - +2 hat {Will+}
rElec   +            Q - scarf {rC+ rF+}
rCorr   +            T - +2 pair of gloves
SInv    .            M - +0 pair of boots "Binach" {Contam Rampage Will++}
Will    +++++        U - amulet of Xanastuu {Regen+ Dex+3} Stlth
                     i - ring "Varulis" {rElec rPois rC- Str+6 Dex+5}
HPRegen 2.39/turn    Y - ring of Mirth {rF+ rN+ rCorr Str-5}
MPRegen 0.18/turn

%: rampage
@: strong-willed, on berserk cooldown, regenerating, studying Polearms
A: horns 2, retaliatory headbutt
}: 2/15 runes: decaying, gossamer
a: Renounce Religion, Berserk, Trog's Hand, Brothers in Arms


You were on level 5 of the Vaults.
You worshipped Trog.
Trog was exalted by your worship.
You visited 9 branches of the dungeon, and saw 45 of its levels.
You also visited: Ossuary, Ice Cave and Wizlab.

You collected 7070 gold pieces.
You spent 1993 gold pieces at shops.

Inventory:

Hand Weapons
 a - a +9 heavy broad axe (weapon)
 w - the +12 battleaxe "Odaibox" {heavy, Str+9 Dex+3}
   (Trog gifted it to you on level 2 of the Depths)

   Str:       It affects your strength (+9).
   Dex:       It affects your dexterity (+3).
Missiles
 j - 18 curare-tipped darts {!f}
 q - 17 poisoned darts
 r - 21 boomerangs
 y - 6 throwing nets {!f}
 D - 10 javelins (quivered)
Armour
 h - a +2 kite shield (worn)
 B - a +2 hat of willpower (worn)
 M - the +0 pair of boots "Binach" (worn) {Contam Rampage Will++}
   (You bought it in a shop on level 1 of the Orcish Mines)

   Contam:    It causes magical contamination when unequipped.
   Rampage:   It bestows one free step when moving towards enemies.
   Will:      It greatly increases your willpower.
 N - a +5 crystal plate armour (worn)
 Q - a scarf of resistance (worn)
 T - a +2 pair of gloves (worn)
Jewellery
 i - the ring "Varulis" (left hand) {rElec rPois rC- Str+6 Dex+5}
   (You bought it in a shop on level 1 of the Vaults)

   [ring of strength]

   Str:       It affects your strength (+6).
   Dex:       It affects your dexterity (+5).
   rC:        It makes you vulnerable to cold.
   rElec:     It insulates you from electricity.
   rPois:     It protects you from poison.
 l - the amulet "Ecirch" {Acrobat rN+ Str+4}
   (You acquired it on level 4 of the Vaults)

   [amulet of the acrobat]

   It increases your evasion while moving and waiting.
   Str:       It affects your strength (+4).
   rN:        It protects you from negative energy.
 s - a ring of resist corrosion
 z - a ring of see invisible
 U - the amulet of Xanastuu (around neck) {Regen+ Dex+3}
   (You found it in an ice cave)

   [amulet of regeneration]

   Dex:       It affects your dexterity (+3).
   Regen:     It increases your rate of health regeneration.
 V - a ring of protection from cold
 Y - the ring of Mirth (right hand) {rF+ rN+ rCorr Str-5}
   (You found it on level 3 of the Crypt)

   [ring of positive energy]

   Str:       It affects your strength (-5).
   rF:        It protects you from fire.
   rN:        It protects you from negative energy.
   rCorr:     It protects you from acid and corrosion.
Wands
 c - a wand of mindburst (29)
 d - a wand of iceblast (34)
 t - a wand of flame (114)
 u - a wand of paralysis (51)
 v - a wand of digging (13)
 x - a wand of quicksilver (12)
 G - a wand of polymorph (43)
Scrolls
 e - 2 scrolls of summoning
 g - 10 scrolls of fog
 k - 8 scrolls of poison
 m - 7 scrolls of fear
 n - 3 scrolls of enchant weapon
 o - 20 scrolls of teleportation {@r4}
 p - 5 scrolls of vulnerability
 C - 7 scrolls of magic mapping
 E - 7 scrolls of immolation
 H - 11 scrolls of blinking {@r3}
 I - 4 scrolls of silence
Potions
 f - 8 potions of enlightenment
 A - 17 potions of curing {@q1}
 F - a potion of heal wounds {@q2}
 J - 11 potions of attraction
 K - 4 potions of ambrosia
 L - 5 potions of haste {@q3}
 O - 2 potions of resistance
 P - a potion of cancellation
 X - 6 potions of invisibility
 Z - 3 potions of might
Miscellaneous
 R - a lightning rod (4/4)
 W - a box of beasts


   Skills:
 + Level 25.7 Fighting
 - Level 20.0 Axes
 - Level 7.0 Throwing
 + Level 25.6 Armour
 - Level 9.0 Dodging
 - Level 15.0 Shields
 + Level 19.9 Evocations


You had 22 spell levels left.
You didn't know any spells.
Your spell library was empty.

Dungeon Overview and Level Annotations

Branches:
Dungeon (15/15)            Temple (0/1) D:4            Lair (5/5) D:8
  Swamp (4/4) Lair:2       Spider (4/4) Lair:3        Slime (0/5) Lair:5
    Orc (2/2) D:11            Elf (3/3) Orc:2        Vaults (5/5) D:13
  Crypt (3/3) Vaults:3       Tomb (0/3) Crypt:3      Depths (4/4) D:15
    Zot (0/5) Depths:4    Ossuary (visited)           IceCv (visited)
 WizLab (visited)

Altars:
Ashenzari
Cheibriados
Elyvilon
Fedhas
Gozag
Hepliaklqana
Okawaru
Qazlal
Trog
Uskayaw
Vehumet
Wu Jian
Zin
The Shining One
Jiyva
Lugonu

Shops:
D:7 =   D:15 =   Orc:1 [   Orc:2 [:*(   Elf:1 (*?([*   Elf:2 [   Vaults:1 =
Vaults:3 (   Vaults:4 [   Depths:1 *   Depths:2 (   Depths:3 =:=[

Portals:
Hell: Depths:1 Depths:2 Depths:3 Depths:4
Abyss: Depths:3 Depths:4
Pandemonium: Depths:1 Depths:2 Depths:3
Ziggurat: Depths:4
Trove: Depths:3 (give +4 fire dragon scales)

Annotations:
D:4 1 runed translucent door, Crazy Yiuf
D:6 3 runed translucent doors, bronco's ghost, weakling HuDe
D:10 exclusion: door
D:12 1 exclusion
D:15 2 transporters, edwardauron's ghost, journeyman GrEE
Lair:3 3 runed translucent doors, Gimmyonatz's ghost, journeyman MiFi
Swamp:4 1 runed translucent door, Isysim's ghost, adept OgFi; Roxanne
Elf:2 3 runed translucent doors
Vaults:3 2 transporters
Depths:2 1 runed translucent door


Innate Abilities, Weirdness & Mutations

You have a pair of horns on your head.
You reflexively headbutt those who attack you in melee.


Message History

A shadow dragon comes into view.
You hear two shouts!
A vault sentinel and a frost giant come into view.
The frost giant is wielding a +2 battleaxe of freezing.
The vault sentinel shouts!
You hear a horrible gurgling sound!
You hear a shout! x2
The vault sentinel blows a loud note on a signal horn!
You hear a horrible gurgling sound! x3; You hear a shout! x2
You hear two shouts!
You hear a shout!
You hear a deafening roar!
Unknown command.
You rampage towards the shadow dragon!
An ettin comes into view.
It is wielding a +0 dire flail and a +0 great mace.
You barely miss the shadow dragon.
The ettin shouts in stereo!
You headbutt the shadow dragon!
The shadow dragon is lightly wounded.
The shadow dragon bites you but does no damage.
You block the shadow dragon's attack.
The shadow dragon claws you but does no damage.
The titan waves its arms in wide circles.
The air twists around and strikes you!!
* * * LOW HITPOINT WARNING * * *
You open the shadow dragon like a pillowcase!!!
You headbutt the shadow dragon.
The shadow dragon is heavily wounded.
You hear a horrible gurgling sound! x2
A green very ugly thing comes into view.
The shadow dragon breathes negative energy at you.
The bolt of negative energy misses you.
The titan waves its arms in wide circles.
The air twists around and strikes you!!
* * * LOW HITPOINT WARNING * * *
You feel much better.
The vault sentinel blows a loud note on a signal horn!
The shadow dragon bites you but does no damage.
The shadow dragon claws you but does no damage.
The shadow dragon barely misses you.
The frost giant gestures at you while chanting.
The bolt of cold hits you!!!
You die...

#..###############
#....C.CD@....Cu..
#....D..p......p..
#..#..############
# #.. #. #. #


You could see 2 shadow dragons, a titan, a frost giant, a green very ugly thing,
a vault warden, an ettin and a vault sentinel (catching breath).

Vanquished Creatures
  A dread lich (WizLab)
  A juggernaut (Depths:1)
  Boris (twice) (Depths:3 Crypt:3)
  Bai Suzhen (Depths:1)
  Saint Roka (Crypt:1)
  the Lernaean hydra (Swamp:3)
  4 golden dragons
  Jory (Vaults:4)
  Nikola (Swamp:1)
  the Enchantress (Depths:1)
  Jorgrun (Swamp:1)
  A walking crystal tome (Depths:3)
  2 liches
  2 tentacled monstrosities
  3 titans
  3 deep elf master archers (Elf:3)
  3 sphinxes
  3 ancient champions (Crypt:2)
  3 shadow dragons
  2 thorn hunters
  A tengu reaver (Vaults:4)
  3 storm dragons (Vaults:5)
  3 revenants
  A fenstrider witch (Swamp:1)
  9 fire giants
  2 emperor scorpions
  13 vault wardens
  Donald (Crypt:1)
  A draconian knight (Depths:4)
  10 frost giants
  4 ghost moths
  6 deep elf sorcerers (Elf:3)
  An azure jelly (IceCv)
  14 ironbound preservers
  An orc warlord (Orc:2)
  2 caustic shrike zombies (WizLab)
  2 draconian shifters (Depths:4)
  2 angels (Elf:1)
  A stone giant (shapeshifter) (Depths:3)
  2 war gargoyles
  7 deep elf elementalists (Elf:3)
  20 very ugly things
  13 stone giants
  7 ghouls
  2 quicksilver oozes (IceCv)
  3 spriggan defenders (Depths:1)
  3 eleionomae
  2 broodmothers
  6 ironbound thunderhulks
  Azrael (Elf:2)
  11 deep elf demonologists
  10 deep elf annihilators (Elf:3)
  A purple draconian (Depths:4)
  3 green draconians (Depths:4)
  18 vampire knights
  3 bunyips
  2 yellow draconians (Depths:4)
  11 dire elephants
  7 spark wasps
  3 formless jellyfish
  5 deep elf death magi
  7 ettins
  5 eidola
  2 mummy priests (WizLab)
  6 great orbs of eyes
  Josephine (Orc:1)
  15 jiangshi
  3 fire dragons
  6 deep elf high priests
  2 shambling mangroves
  3 entropy weavers
  5 rakshasas
  7 ice dragons
  A salamander tyrant (Depths:3)
  15 yaktaur captains
  Harold (Lair:2)
  28 vault guards
  A peacekeeper (Vaults:3)
  15 hydras
  Erolcha (Orc:1)
  2 hell beasts
  2 catoblepae
  The ghost of Urgle the Thaumaturge, a journeyman DjFE of Makhleb (D:10)
  7 spriggan air magi
  3 ironbound frosthearts
  A spriggan skeleton (Crypt:1)
  2 boulder beetles
  An ogre mage (Vaults:5)
  A fenstrider witch skeleton (Crypt:1)
  23 dancing weapons
  6 alligators
  3 death knights
  15 centaur warriors
  4 tengu warriors
  13 death yaks
  5 two-headed ogres
  6 deep troll shamans
  15 vampire magi
  7 deep troll earth magi
  A soul eater (Depths:4)
  Urug (Orc:1)
  9 deep elf knights
  3 spriggan berserkers
  An orc high priest (Orc:2)
  10 sun demons
  2 storm dragon zombies
  5 iron trolls
  14 skeletal warriors
  6 pharaoh ants
  A sixfirhy (Depths:1)
  Amaemon (D:10)
  2 bunyip zombies (Crypt:3)
  4 goliath frogs
  2 golden dragon zombies
  4 shadow wraiths
  2 spriggan druids
  2 sun moths
  2 glowing orange brains (Depths:2)
  A glowing orange brain (shapeshifter) (Vaults:1)
  43 deep trolls
  A shadow dragon zombie (Depths:3)
  6 orb spiders
  10 deep elf archers
  4 flayed ghosts
  11 swamp dragons
  12 bog bodies
  A bunyip skeleton (Crypt:2)
  6 orc knights
  3 wizards (Vaults:4)
  6 lindwurms
  16 ironbound convokers
  7 steelbarb worms
  An anaconda skeleton (Crypt:1)
  9 necromancers
  A lindwurm (shapeshifter) (Vaults:5)
  24 deep elf zephyrmancers
  15 phantasmal warriors
  28 ugly things
  An oklob plant (Lair:3)
  6 orc sorcerers
  4 manticores
  17 deep elf pyromancers
  5 cyclopes
  11 wolf spiders
  2 shining eyes (Depths:1)
  3 salamanders (Depths:4)
  2 stone giant zombies
  4 will-o-the-wisps
  8 elephants
  2 sphinx skeletons
  Maurice (D:8)
  A tengu skeleton (Vaults:4)
  2 centaur zombies
  A moth of wrath (Spider:4)
  10 vault sentinels
  7 demonic crawlers
  A frost giant skeleton (Crypt:3)
  An iron dragon skeleton (Depths:3)
  An orange demon (D:10)
  5 torpor snails
  A demonspawn zombie (WizLab)
  3 ice statues (IceCv)
  A molten gargoyle (Lair:5)
  3 black mambas
  A rust devil (Depths:2)
  An eye of devastation (Depths:1)
  A hellion (Depths:1)
  Maggie (D:7)
  7 cane toads
  4 gargoyles
  A yaktaur zombie (WizLab)
  A dire elephant skeleton (Crypt:1)
  8 komodo dragons
  3 unseen horrors
  A yellow draconian zombie (Crypt:1)
  7 rime drakes
  The ghost of loir the Sneak, a novice KoBr of Wu Jian (D:4)
  26 yaktaurs
  5 spriggan zombies
  An iron troll zombie (Crypt:1)
  A tengu conjurer (Depths:2)
  2 kobold demonologists
  3 grey draconian skeletons
  A queen bee (shapeshifter) (D:15)
  A red devil (Depths:2)
  2 white draconian skeletons
  An ice devil (D:15)
  A harpy zombie (Crypt:1)
  4 guardian mummies (WizLab)
  4 freezing wraiths
  3 burning bushes (Lair:4)
  A golden dragon simulacrum (Depths:3)
  An unseen horror skeleton (Crypt:3)
  4 meliai
  12 blink frogs
  29 tarantellas
  16 hornets
  3 tyrant leeches
  A mana viper skeleton (Crypt:3)
  Prince Ribbit (D:7)
  A hydra skeleton (Crypt:1)
  5 trolls
  A tengu simulacrum (Depths:3)
  An ice dragon zombie (WizLab)
  A radroach zombie (Crypt:2)
  10 dream sheep
  2 ettin zombies
  A jumping spider (shapeshifter) (Vaults:2)
  17 jumping spiders
  19 culicivoras
  36 slime creatures
  A black mamba zombie (Crypt:3)
  A shadow (D:11)
  6 spriggans
  11 wraiths
  10 large abominations
  25 vampires
  49 yaks
  Eustachio (D:3)
  5 fire elementals (Elf:2)
  4 fire bats (D:10)
  5 wyverns
  8 basilisks
  4 steam dragons (D:8)
  Grum (D:9)
  3 chaos spawn
  38 redbacks
  4 vampire mosquitoes (D:13)
  A deep troll zombie (Crypt:1)
  A harpy simulacrum (Crypt:1)
  2 yaktaur simulacra (Vaults:4)
  3 wargs
  12 swamp worms
  6 water moccasins
  An acid dragon (D:9)
  Duvessa (D:4)
  2 hell hounds
  A merfolk skeleton (Crypt:3)
  28 orc warriors
  10 swamp drakes
  2 sky beasts
  5 black bears
  2 great orb of eyes simulacra (IceCv)
  An ice beast (D:7)
  15 wolves
  A blink frog skeleton (Crypt:2)
  8 ogres
  A phantom (D:5)
  2 centaurs
  A kobold brigand (D:11)
  2 elf zombies (Elf:1)
  2 slime creature simulacra (IceCv)
  Blork the orc (D:4)
  4 small abominations (Depths:4)
  3 necrophages
  13 bullfrogs
  5 glowing shapeshifter simulacra (IceCv)
  2 gnoll sergeants
  A wyvern zombie (Crypt:2)
  2 earth elementals
  6 scorpions
  2 cyclops zombies (Orc:1)
  Dowan (D:4)
  5 killer bees (D:10)
  A troll zombie (Crypt:1)
  A warg skeleton (Crypt:2)
  3 howler monkeys (D:7)
  7 electric eels
  4 crimson imps (D:15)
  3 lava snakes
  2 hounds (D:5)
  A human zombie (Crypt:3)
  2 gnoll boudas
  12 human skeletons (Vaults:1)
  6 jellies
  18 orc priests
  3 sleepcaps
  Jessica (D:2)
  An iguana (D:6)
  39 orc wizards
  5 hell rats (Lair:4)
  3 shapeshifter simulacra (IceCv)
  An ogre zombie (Orc:1)
  An ogre skeleton (Orc:1)
  A mummy (Ossuary)
  21 gnolls
  5 adders
  2 orc skeletons (Orc:1)
  A steam dragon skeleton (Crypt:1)
  A swamp drake skeleton (Crypt:2)
  A shadow imp (D:7)
  5 white imps
  An ufetubus (D:5)
  A worm (D:7)
  3 dart slugs
  69 orcs
  3 spectral bats (Ossuary)
  3 bats
  6 endoplasms
  2 giant cockroaches
  12 gnoll zombies (Ossuary)
  15 goblins
  5 hobgoblins
  5 jackals (D:4)
  A quokka (D:3)
  6 ball pythons
  3 bat simulacra (Ossuary)
  A frilled lizard (D:1)
  A frilled lizard skeleton (Crypt:3)
  4 goblin simulacra (Ossuary)
  5 goblin zombies (Ossuary)
  5 hobgoblin zombies (Ossuary)
  6 kobolds
  2 kobold simulacra (Ossuary)
  3 kobold zombies (Ossuary)
  5 orc zombies (Ossuary)
  A quokka skeleton (Crypt:2)
  5 rats
  2 rat simulacra (Ossuary)
  A spectral goblin (Ossuary)
  8 spectral rats (Ossuary)
  A fire vortex (D:10)
1796 creatures vanquished.

Vanquished Creatures (collateral kills)
  Mara (Swamp:3)
  Frederick (Vaults:3)
  A frost giant (Depths:1)
  A vault warden (Vaults:3)
  2 ghouls (Crypt:1)
  An orc warlord (Vaults:1)
  A stone giant (Depths:1)
  A very ugly thing (Vaults:3)
  A quicksilver ooze (IceCv)
  An ironbound thunderhulk (Vaults:3)
  An ice dragon (Depths:1)
  2 spriggan air magi (Depths:1)
  An ironbound frostheart (Vaults:3)
  An alligator (Swamp:3)
  A deep troll earth mage (Vaults:3)
  A swamp dragon (Swamp:3)
  An orc knight (Vaults:1)
  A faun (shapeshifter) (Vaults:3)
  A stone giant zombie (WizLab)
  A frost giant skeleton (Crypt:1)
  A demonspawn zombie (WizLab)
  A guardian mummy (WizLab)
  A spriggan (Depths:1)
  2 orc warriors (Crypt:1)
  An orc (Crypt:1)
28 creatures vanquished.

Vanquished Creatures (others)
  A vault warden (Vaults:3)
  A deep elf zephyrmancer (Elf:1)
  3 bloated husks
  A fire elemental (Elf:3)
  A swamp worm (Swamp:1)
  A swamp drake (Swamp:4)
  An orc (Orc:2)
  A butterfly (D:4)
  2 fire vortices
  16 foxfires
  30 spectral weapons
58 creatures vanquished.

Grand Total: 1882 creatures vanquished

Notes
Turn   | Place    | Note
-------+----------+-------------------------------------------
     0 | D:1      | Mahakala the Minotaur Berserker began the quest for the
                  | Orb.
     0 | D:1      | Reached XP level 1. HP: 19/19 MP: 0/0
    49 | D:1      | Reached XP level 2. HP: 21/27 MP: 1/1
   580 | D:1      | Reached XP level 3. HP: 32/33 MP: 2/2
  1127 | D:2      | You fall into a shaft and drop 1 floor!
  1277 | D:2      | Reached skill level 5 in Axes
  1418 | D:2      | Reached XP level 4. HP: 41/41 MP: 3/3
  1631 | D:2      | Reached ** piety under Trog
  1724 | D:2      | Noticed Jessica
  1729 | D:2      | Killed Jessica
  1886 | D:3      | Reached XP level 5. HP: 46/47 MP: 4/4
  1888 | D:3      | Reached skill level 5 in Fighting
  2329 | D:3      | Noticed an ogre
  2346 | D:3      | Killed an ogre
  2347 | D:3      | Reached XP level 6. HP: 56/56 MP: 5/5
  2594 | D:3      | Found a hazy altar of Hepliaklqana.
  2748 | D:4      | Found a staircase to the Ecumenical Temple.
  2804 | D:4      | Noticed Blork the orc
  2810 | D:4      | Killed Blork the orc
  2812 | D:4      | Noticed a sky beast
  2845 | D:4      | Killed a sky beast
  2846 | D:4      | Reached XP level 7. HP: 23/63 MP: 6/6
  3099 | D:4      | Noticed Dowan
  3099 | D:4      | Noticed Duvessa
  3162 | D:4      | Killed Dowan
  3246 | D:4      | Found a runed translucent door.
  3352 | D:4      | Noticed Eustachio
  3369 | D:3      | Killed Eustachio
  3370 | D:3      | Reached skill level 10 in Axes
  3445 | D:4      | Killed Duvessa
  3514 | D:4      | Noticed loir's ghost (novice KoBr)
  3524 | D:4      | Reached XP level 8. HP: 70/70 MP: 7/7
  3531 | D:4      | Killed loir's ghost
  3642 | D:4      | Found a white marble altar of Elyvilon.
  3666 | D:4      | Found a broken altar of Ashenzari.
  3670 | D:4      | Saw a vision of the Swamp and the Spider Nest.
  3670 | D:4      | Noticed a culicivora
  3670 | D:4      | Noticed a jumping spider
  3670 | D:4      | Noticed a demonic crawler
  3670 | D:4      | Noticed a wolf spider
  3670 | D:4      | Noticed a jumping spider
  3670 | D:4      | Noticed a broodmother
  3670 | D:4      | Noticed a culicivora
  3670 | D:4      | Noticed a meliai
  3670 | D:4      | Noticed a spriggan druid
  3670 | D:4      | Noticed a will-o-the-wisp
  3670 | D:4      | Noticed a pharaoh ant
  3670 | D:4      | Noticed a jumping spider
  3671 | D:4      | Noticed a tarantella
  3671 | D:4      | Noticed a culicivora
  3673 | D:4      | Noticed an entropy weaver
  3930 | D:4      | Found a runed translucent door.
  3931 | D:4      | Noticed Crazy Yiuf
  3995 | D:5      | Entered Level 5 of the Dungeon
  4109 | D:5      | Reached *** piety under Trog
  4110 | D:5      | Reached skill level 5 in Armour
  4161 | D:5      | Found an iron altar of Okawaru.
  4428 | D:5      | Found a radiant altar of Vehumet.
  4572 | D:6      | Reached skill level 1 in Shields
  4788 | D:6      | Reached XP level 9. HP: 75/75 MP: 8/8
  4788 | D:6      | Found a runed translucent gate.
  4788 | D:6      | Found a runed translucent gate.
  4793 | D:6      | Noticed bronco's ghost (weakling HuDe)
  4794 | D:6      | Found a runed translucent gate.
  4819 | D:6      | Identified the +4 robe of Tousasos {rN+ Int+8}
  5979 | D:7      | Found a blossoming altar of Fedhas.
  5979 | D:7      | Found a bloodstained altar of Trog.
  5980 | D:7      | Found a glowing silver altar of Zin.
  5980 | D:7      | Noticed a troll
  5986 | D:7      | Killed a troll
  6124 | D:7      | Found a snail-covered altar of Cheibriados.
  6131 | D:7      | Noticed a troll
  6143 | D:7      | Killed a troll
  6165 | D:7      | Found a radiant altar of Vehumet.
  6171 | D:7      | Found Lallukk's Jewellery Boutique.
  6183 | D:7      | Noticed Prince Ribbit
  6200 | D:7      | Killed Prince Ribbit
  6251 | D:7      | Noticed Maggie
  6262 | D:7      | Killed Maggie
  6328 | D:7      | Reached XP level 10. HP: 63/86 MP: 9/9
  6395 | D:7      | Found a sand-covered staircase.
  6402 | Ossuary  | Entered an ossuary
  6413 | Ossuary  | Reached **** piety under Trog
  6667 | Ossuary  | Reached ***** piety under Trog
  6888 | D:7      | Identified the +8 trident "Baafoej" {freeze, rElec rPois
                  | Int+3 Stlth-}
  7212 | D:8      | Noticed a death yak
  7212 | D:8      | Noticed an elephant
  7224 | D:8      | Killed an elephant
  7233 | D:8      | Killed a death yak
  7276 | D:8      | Found a staircase to the Lair.
  7288 | D:8      | Paralysed by a hornet for 1 turns
  7501 | D:8      | Noticed Maurice
  7800 | D:8      | Reached skill level 1 in Evocations
  9129 | D:8      | Killed Maurice
  9218 | D:9      | Noticed a two-headed ogre
  9228 | D:9      | Killed a two-headed ogre
  9442 | D:9      | Noticed Grum
  9457 | D:9      | Reached skill level 5 in Evocations
  9457 | D:9      | Reached XP level 11. HP: 97/97 MP: 10/10
  9457 | D:9      | Killed Grum
 10005 | D:10     | Entered Level 10 of the Dungeon
 10181 | D:10     | Reached skill level 15 in Axes
 10548 | D:10     | Received a gift from Trog
 10648 | D:10     | Found a large runed translucent door.
 10649 | D:10     | Found a large runed translucent door.
 10651 | D:10     | Noticed Urgle's ghost (journeyman DjFE)
 10668 | D:10     | Killed Urgle's ghost
 10902 | D:10     | Noticed Amaemon
 11093 | D:10     | Killed Amaemon
 11556 | D:10     | Reached skill level 10 in Fighting
 11901 | Lair:1   | Entered Level 1 of the Lair of Beasts
 12036 | Lair:1   | Reached skill level 5 in Dodging
 12263 | Lair:1   | Reached XP level 12. HP: 54/107 MP: 11/11
 12515 | Lair:1   | Noticed a death yak
 12540 | Lair:1   | Noticed a death yak
 12607 | Lair:1   | Noticed a death yak
 12610 | Lair:1   | Noticed a death yak
 12613 | Lair:1   | Killed a death yak
 12660 | Lair:1   | Killed a death yak
 12674 | Lair:1   | Killed a death yak
 12689 | Lair:1   | Killed a death yak
 13674 | Lair:2   | Noticed a five-headed hydra
 13686 | Lair:2   | Killed a ten-headed hydra
 13688 | Lair:2   | Found a frozen archway.
 13791 | IceCv    | Entered an ice cave
 13857 | IceCv    | Noticed a quicksilver ooze
 13871 | IceCv    | Killed a quicksilver ooze
 14132 | IceCv    | Noticed a quicksilver ooze
 14141 | IceCv    | Killed a quicksilver ooze
 14142 | IceCv    | Reached skill level 10 in Armour
 14891 | IceCv    | Found a viscous altar of Jiyva.
 14891 | IceCv    | Noticed an azure jelly
 14909 | IceCv    | Killed an azure jelly
 14966 | IceCv    | Noticed a quicksilver ooze
 14975 | IceCv    | Killed a quicksilver ooze
 15155 | IceCv    | Identified the amulet "Qoqupsu" {+Inv Regen+ Str+5 Int-3
                  | Dex-5}
 15259 | IceCv    | Reached XP level 13. HP: 73/122 MP: 12/12
 15440 | IceCv    | Identified the amulet of Xanastuu {Regen+ Dex+3}
 16063 | Lair:2   | Noticed Harold
 16074 | Lair:2   | Killed Harold
 16477 | Lair:2   | Found a staircase to the Swamp.
 16597 | Lair:3   | Reached skill level 10 in Evocations
 16790 | Lair:3   | Found an ornate altar of the Wu Jian Council.
 17205 | Lair:3   | You fall into a shaft and drop 2 floors!
 17205 | Lair:5   | Entered Level 5 of the Lair of Beasts
 18480 | Lair:3   | Found a hole to the Spider Nest.
 18585 | Lair:3   | Found a runed translucent gate.
 18586 | Lair:3   | Found a runed translucent gate.
 18588 | Lair:3   | Found a runed translucent gate.
 18588 | Lair:3   | Noticed Gimmyonatz's ghost (journeyman MiFi)
 18914 | Lair:3   | Reached XP level 14. HP: 124/129 MP: 13/13
 19897 | Lair:5   | Found a viscous altar of Jiyva.
 20059 | Lair:5   | Found a staircase to the Slime Pits.
 20073 | Lair:5   | Identified the +3 sling of the Ten Knives {heavy, rElec}
 20893 | Lair:5   | Identified the +1 chain mail of the Hurricane {rC++ Str+3
                  | Int+4}
 21293 | D:11     | Found a staircase to the Orcish Mines.
 22400 | D:12     | Reached skill level 15 in Fighting
 22400 | D:12     | Reached skill level 15 in Armour
 22449 | D:12     | Identified the +0 cloak "Zidu" {+Inv}
 24194 | D:13     | Received a gift from Trog
 24195 | D:13     | Reached XP level 15. HP: 144/144 MP: 14/14
 24300 | D:13     | Found a gate to the Vaults.
 24648 | D:14     | Reached skill level 5 in Shields
 24669 | D:14     | Found a stormy altar of Qazlal.
 25617 | D:15     | Entered Level 15 of the Dungeon
 25892 | D:15     | Found Sistyeme's Jewellery Shoppe.
 26074 | D:15     | Found a staircase to the Depths.
 26155 | D:15     | Noticed edwardauron's ghost (journeyman GrEE)
 26164 | D:15     | Found a bloodstained altar of Trog.
 26171 | D:15     | Found a transporter.
 26187 | D:15     | Found a transporter.
 26565 | Orc:1    | Entered Level 1 of the Orcish Mines
 26565 | Orc:1    | Noticed Urug
 26636 | Orc:1    | Killed Urug
 26727 | Orc:1    | Noticed Josephine
 26743 | Orc:1    | Killed Josephine
 26744 | Orc:1    | Reached skill level 10 in Shields
 26795 | Orc:1    | Found Burym Yste's Antique Armour Shop.
 26814 | Orc:1    | Noticed Erolcha
 26824 | Orc:1    | Killed Erolcha
 26830 | Orc:1    | Received a gift from Trog
 27286 | Orc:2    | Entered Level 2 of the Orcish Mines
 27291 | Orc:2    | Found a staircase to the Elven Halls.
 27410 | Orc:2    | Upgraded the game from 0.31-a0-95-g6fa058ef04 to
                  | 0.31-a0-102-g33a4ccc0cb
 27721 | Orc:2    | Paralysed by an orc sorcerer for 4 turns
 27925 | Orc:2    | Received a gift from Trog
 28008 | Orc:2    | Found Mycsoy's Antique Weapon Shoppe.
 28056 | Orc:2    | Found Ceqep's Book Shoppe.
 28071 | Orc:2    | Found Wamem's Antique Armour Shoppe.
 28202 | Orc:2    | Found Mymaj's General Store.
 28409 | Orc:2    | Bought a potion of might for 64 gold pieces
 28451 | Orc:1    | Bought a pair of smouldering boots for 304 gold pieces
 28451 | Orc:1    | Identified the +0 pair of boots "Binach" {Contam Rampage
                  | Will++} (You bought it in a shop on level 1 of the Orcish
                  | Mines)
 28675 | Swamp:1  | Entered Level 1 of the Swamp
 28677 | Swamp:1  | Noticed Jorgrun
 28688 | Swamp:1  | Killed Jorgrun
 28830 | Swamp:1  | Noticed Nikola
 28849 | Swamp:1  | HP: 6/147 [Nikola/+2 rapier of electrocution (8)]
 28854 | Swamp:1  | Killed Nikola
 29094 | Swamp:1  | Noticed a fenstrider witch
 29104 | Swamp:1  | Killed a fenstrider witch
 29548 | Swamp:2  | Reached XP level 16. HP: 136/155 MP: 15/15
 29641 | Swamp:2  | Noticed a thorn hunter
 29658 | Swamp:2  | Killed a thorn hunter
 30341 | Swamp:3  | Noticed Mara
 30678 | Swamp:3  | Killed Mara
 30961 | Swamp:4  | Entered Level 4 of the Swamp
 30968 | Swamp:4  | Noticed Roxanne
 31260 | Swamp:4  | Noticed the 27-headed Lernaean hydra
 31449 | Swamp:3  | Killed the 25-headed Lernaean hydra
 31708 | Swamp:3  | Received a gift from Trog
 32036 | Swamp:4  | Reached skill level 15 in Shields
 32109 | Swamp:4  | Reached skill level 1 in Throwing
 32173 | Swamp:4  | Found a runed translucent door.
 32173 | Swamp:4  | Noticed a tentacled monstrosity
 32177 | Swamp:4  | Noticed Isysim's ghost (adept OgFi)
 32301 | Swamp:4  | Identified the +1 chain mail "Ymocunwu" {Harm rN+++ rCorr
                  | Str-4}
 32304 | Swamp:4  | Got a decaying rune of Zot
 32309 | Swamp:4  | Identified the +7 spear of the Boar {heavy, rElec}
 32595 | Swamp:4  | Noticed a thorn hunter
 32617 | Swamp:4  | Killed a thorn hunter
 32803 | Spider:1 | Entered Level 1 of the Spider Nest
 33342 | Spider:1 | Found a hide-covered altar of Uskayaw.
 33774 | D:7      | Bought a ring of see invisible for 165 gold pieces
 33908 | Spider:2 | Reached XP level 17. HP: 146/163 MP: 16/16
 34087 | Spider:2 | Received a gift from Trog
 34287 | Spider:2 | Reached ****** piety under Trog
 34351 | Spider:2 | Reached skill level 5 in Throwing
 36142 | Spider:4 | Entered Level 4 of the Spider Nest
 36886 | Spider:4 | Received a gift from Trog
 37852 | Spider:4 | Got a gossamer rune of Zot
 38189 | Vaults:1 | Entered Level 1 of the Vaults
 38221 | Vaults:1 | Identified the +0 ring mail of Xaugy {+Inv Str+3 Dex+3}
 38455 | Vaults:1 | Reached skill level 15 in Evocations
 38470 | Vaults:1 | HP: 3/163 [orc knight/+0 long sword (14)]
 38477 | Vaults:1 | HP: 3/163 [centaur warrior/arrow (9)]
 38487 | Vaults:1 | HP: 4/163 [centaur warrior/+0 shortbow (12)]
 38827 | Vaults:1 | Found Zexeq's Jewellery Shoppe.
 38830 | Vaults:1 | Bought the ring "Varulis" {rElec rPois rC- Str+6 Dex+5} for
                  | 634 gold pieces
 38877 | Vaults:1 | Reached XP level 18. HP: 172/172 MP: 17/17
 39152 | Vaults:1 | Identified the +2 war axe of Neurosis {flame, rPois Will+
                  | Str-5} (Trog gifted it to you on level 1 of the Vaults)
 39152 | Vaults:1 | Received a gift from Trog
 39709 | Vaults:2 | Received a gift from Trog
 40935 | Vaults:3 | Found a transporter.
 40935 | Vaults:3 | Found Koodonk's Weapon Boutique.
 40938 | Vaults:3 | Found a transporter.
 41527 | Vaults:3 | Noticed Frederick
 41547 | Vaults:3 | Killed Frederick
 41834 | Vaults:3 | Noticed a golden dragon
 41844 | Vaults:3 | Killed a golden dragon
 41863 | Vaults:3 | HP: 2/176 [vault warden/+3 halberd (17)]
 42537 | Vaults:3 | Reached XP level 19. HP: 115/183 MP: 18/18
 42646 | Vaults:3 | Received a gift from Trog
 43074 | Vaults:3 | Found a staircase to the Crypt.
 43427 | Vaults:4 | Noticed Jory
 43444 | Vaults:4 | Killed Jory
 43904 | Vaults:4 | Received a gift from Trog
 44322 | Vaults:4 | Found Uttab's Armour Shop.
 44453 | Vaults:4 | Identified the +4 scale mail of Haowo {Int+5}
 44609 | Vaults:4 | Identified the +3 leather armour "Karuet" {+Blink rElec
                  | Dex+4}
 45053 | Elf:1    | Entered Level 1 of the Elven Halls
 45175 | Elf:1    | Received a gift from Trog
 45215 | Elf:1    | Found a glowing golden altar of the Shining One.
 45215 | Elf:1    | Found a white marble altar of Elyvilon.
 45218 | Elf:1    | Found a glowing silver altar of Zin.
 45233 | Elf:1    | Found Yxad's Assorted Antiques.
 45282 | Elf:1    | Found Dehes's Weapon Boutique.
 45852 | Elf:1    | Found Tanet's Magic Scroll Shoppe.
 45860 | Elf:1    | Bought a scroll of blinking for 127 gold pieces
 45860 | Elf:1    | Bought a scroll of blinking for 127 gold pieces
 45860 | Elf:1    | Bought a scroll of enchant weapon for 127 gold pieces
 45887 | Elf:1    | Found Won Ecaqeinn's Antique Armour Emporium.
 45887 | Elf:1    | Found Dasep's Assorted Antiques.
 46021 | Elf:1    | Bought a wand of mindburst (6) for 285 gold pieces
 46155 | Elf:1    | Received a gift from Trog
 46324 | Elf:1    | Found Xioted's Antique Weapon Boutique.
 46467 | Elf:1    | Reached XP level 20. HP: 198/198 MP: 19/19
 46517 | Elf:2    | Noticed Azrael
 46517 | Elf:2    | Found Akkuekh's Armour Shoppe.
 46524 | Elf:2    | Killed Azrael
 46903 | Elf:2    | Found a runed translucent gate.
 46903 | Elf:2    | Found a runed translucent gate.
 46905 | Elf:2    | Found a runed translucent gate.
 47025 | Elf:3    | Entered Level 3 of the Elven Halls
 47398 | Elf:3    | Received a gift from Trog
 47905 | Elf:3    | Received a gift from Trog
 48158 | Elf:3    | Identified the +7 falchion "Eveubb" {vamp, rN+}
 48580 | Elf:3    | Found the +2 ratskin cloak {*Rats rPois rN+ Str-1 Int-1
                  | Dex+1}
 48582 | Elf:3    | Identified the +6 scale mail of Ru, Fortifying {rCorr SInv}
 48769 | Elf:3    | Identified the +6 dagger "Errekol" {venom, *Noise rN+
                  | Int+4}
 49251 | Depths:1 | Entered Level 1 of the Depths
 49499 | Depths:1 | Noticed the Enchantress
 49517 | Depths:1 | Killed the Enchantress
 49517 | Depths:1 | Received a gift from Trog
 49998 | Depths:1 | Reached XP level 21. HP: 210/210 MP: 20/20
 50078 | Depths:1 | Found a gateway to Hell.
 50186 | Depths:1 | Noticed a juggernaut
 50203 | Depths:1 | Killed a juggernaut
 50214 | Depths:1 | Received a gift from Trog
 50640 | Depths:1 | Found Galepaso's Assorted Antiques.
 50907 | Depths:1 | Found a one-way gate leading to the halls of Pandemonium.
 51023 | Depths:2 | Noticed Bai Suzhen
 51031 | Depths:1 | Killed Bai Suzhen
 51403 | Depths:2 | Found Dofit's Antique Weapon Emporium.
 51480 | Depths:1 | Bought a scroll of fog for 160 gold pieces
 51911 | Depths:2 | Found a runed translucent door.
 51923 | Depths:2 | Found a runed translucent door.
 51923 | Depths:2 | Noticed a juggernaut
 52460 | Depths:2 | Identified the +12 battleaxe "Odaibox" {heavy, Str+9 Dex+3}
                  | (Trog gifted it to you on level 2 of the Depths)
 52460 | Depths:2 | Received a gift from Trog
 52505 | Depths:3 | Noticed Boris
 52588 | Depths:3 | Found a magical portal.
 52597 | WizLab   | Entered Doroklohe's Tomb
 52803 | WizLab   | Noticed a dread lich
 52804 | WizLab   | Identified a scroll of acquirement
 52806 | WizLab   | Killed a dread lich
 53038 | Depths:3 | Killed Boris
 53102 | Depths:3 | Identified the +4 demon trident of Change {flame, rC+}
 53313 | Depths:3 | Found Roif's Jewellery Shop.
 53313 | Depths:3 | Found Qixkemp's Book Shoppe.
 53315 | Depths:3 | Found Hotain Usak's Jewellery Shop.
 53317 | Depths:3 | Found Zises's Armour Shop.
 53370 | Depths:3 | Found a corrupted altar of Lugonu.
 53370 | Depths:3 | Found a one-way gate to the infinite horrors of the Abyss.
 53467 | Depths:3 | Found a portal to a secret trove of treasure.
 53536 | Depths:3 | Found an opulent altar of Gozag.
 53837 | Depths:3 | Received a gift from Trog
 54073 | Depths:4 | Entered Level 4 of the Depths
 54079 | Depths:4 | Reached XP level 22. HP: 208/222 MP: 21/21
 54651 | Depths:4 | Noticed a golden dragon
 54651 | Depths:4 | Noticed a golden dragon
 54654 | Depths:4 | Killed a golden dragon
 54656 | Depths:4 | Killed a golden dragon
 54753 | Depths:4 | Found an ornate altar of the Wu Jian Council.
 54941 | Depths:4 | Found a one-way gateway to a ziggurat.
 55018 | Depths:4 | Received a gift from Trog
 55261 | Depths:4 | Found a gate to the Realm of Zot.
 55643 | Crypt:1  | Entered Level 1 of the Crypt
 55826 | Crypt:1  | Received a gift from Trog
 55827 | Crypt:1  | Noticed Saint Roka
 55841 | Crypt:1  | Killed Saint Roka
 56009 | Crypt:1  | Noticed Donald
 56015 | Crypt:1  | Killed Donald
 56257 | Crypt:1  | Received a gift from Trog
 56867 | Crypt:2  | Found the +5 demon whip "Spellbinder" {antimagic, disrupt,
                  | Will+}
 57012 | Crypt:2  | Identified the amulet "Isherpher" {RegenMP Will+ Slay+5
                  | SInv}
 57491 | Crypt:3  | Entered Level 3 of the Crypt
 57602 | Crypt:3  | Found a staircase to the Tomb.
 57669 | Crypt:3  | Noticed Boris
 57671 | Crypt:3  | Received a gift from Trog
 57676 | Crypt:3  | Killed Boris
 57677 | Crypt:3  | Reached XP level 23. HP: 153/232 MP: 22/22
 57969 | Crypt:3  | Identified the +0 short sword "Dat Feth" {drain, SInv}
 58014 | Crypt:3  | Received a gift from Trog
 58492 | Crypt:3  | Received a gift from Trog
 58772 | Crypt:3  | Identified the +2 hand axe "Irizutad" {pain, rElec rF++
                  | rCorr}
 58785 | Crypt:3  | Identified the ring of Mirth {rF+ rN+ rCorr Str-5}
 58785 | Crypt:3  | Identified the ring "Junuv" {rElec rPois rC- rN+ SInv}
 58797 | Crypt:3  | Identified the +8 morningstar of Fee Simple {speed, +Blink
                  | rC- Int+2}
 58961 | Vaults:4 | Acquired the amulet "Ecirch" {Acrobat rN+ Str+4}
 58965 | Vaults:4 | Acquired 802 gold pieces
 58970 | Vaults:5 | Entered Level 5 of the Vaults
 59034 | Vaults:5 | HP: 10/235 [two-headed ogre/+0 giant spiked club (18)]
 59099 | Vaults:5 | HP: 1/236 [titan/the air (24)]
 59100 | Vaults:5 | Killed from afar by a frost giant

Illustrated notes

Levels and vault maps discovered:
D:1:      dpeg_arrival_line_fractal, layout_basic, minmay_hexomino_u4
D:2:      layout_loops_cross, uniq_jessica
D:3:      layout_basic, mainiacjoe_overflow_alcove_1, minmay_ogre_servants
D:4:      layout_loops_ring, grunt_ashenzari_visionary
          [grunt_ashenzari_visionary_swamp, grunt_ashenzari_visionary_spider],
          nicolae_elyvilon_peaceful_grove, minmay_temple_entry_crystal_x,
          ebering_ghost_sewer_d, minmay_fractal_squares_diagonal_5,
          uniq_blork_the_orc, uniq_duvessa, uniq_eustachio,
          uniq_crazy_yiuf_cottage
D:5:      layout_rooms, hangedman_feature_mirror
D:6:      layout_layer_cave, gammafunk_ghost_nasty_kobolds,
          chequers_serial_rivers_micro_b,
          hangedman_abyss_or_decor_jellyfish_corner
D:7:      layout_basic, slow_altar_1, mainiacjoe_overflow_surrounded_room,
          gammafunk_temple_overflow_forgotten, serial_shops, shop,
          chequers_ossuary_entry_cave, uniq_maggie, uniq_prince_ribbit1
D:8:      layout_layer_cave, david_lair_generic,
          eino_small_chamber_without_monster, uniq_maurice
D:9:      layout_small_grid, uniq_grum
D:10:     layout_basic, ebering_ghost_disaster_area, hangedman_incinerator,
          uniq_amaemon
D:11:     layout_gridville, orc_0_dummy
D:12:     wad_bat_island, layout_gridville, grunt_ministairs_10
D:13:     layout_basic, erik_vaults_2, lemuel_nasty_fountain
D:14:     layout_layer_cave, nicolae_qazlal_general_emergency
D:15:     grunt_enter_depths_giant_problem, layout_loops_cross,
          gammafunk_ghost_wrathful_warriors, serial_shops, shop,
          minmay_fire_ice_demons
Lair:1:   layout_regular_city, st_stairs_7
Lair:2:   layout_chaotic_city, nicolae_swamp_entry_splash_gauntlet,
          portal_ice_cave_entry_pillars_1, nicolae_lair_grove_arrangements,
          infiniplex_staircase_pool, uniq_harold
Lair:3:   layout_long_grid, hellmonk_spider_entry_life_and_decay, basic_altar,
          gammafunk_ghost_hydra_chop, disabler_island, grunt_megastairs_5,
          infiniplex_staircase_pool_2
Lair:4:   layout_cave_shapes, evilmike_ambush [evilmike_ambush_outer_pillars,
          evilmike_ambush_inner_pond]
Lair:5:   hangedman_lair_in_review, layout_gridlike,
          nicolae_slime_entry_slimehenge, serial_bayou_shore_b
Swamp:1:  layout_falls_marsh, evilmike_swamp_ruin_house_1, uniq_nikola,
          uniq_jorgrun
Swamp:2:  layout_basic_swamp, evilmike_swamp_ruin_house_2,
          nicolae_swamp_round_clearing
Swamp:3:  layout_basic_swamp, evilmike_swamp_ruin_house_4, uniq_mara
Swamp:4:  swamp_alternative, layout_basic_swamp, ebering_ghost_inner_flame,
          swamp_pool1, nicolae_swamp_stuck_in_the_mud, uniq_roxanne
Spider:1: layout_spider_delve, nicolae_spider_altar_of_dancing
Spider:2: layout_spider_delve
Spider:3: layout_spider_delve, guppyfry_hornet_nest
Spider:4: spider_rune_water
Orc:1:    dreamdust_under_siege, layout_diamond_mine, serial_shops,
          nicolae_shop_hallway_stairs, uniq_urug, uniq_josephine, uniq_erolcha
Orc:2:    grunt_orc_cross, layout_caves
Elf:1:    eino_elf_arrival_customs, layout_geoelf_diagonals, serial_shops, shop,
          shop_fountains, nicolae_shop_overgrown_old_shop, shop_statue,
          portal_desolation_entry_holy_temple, minmay_elf_necromancy,
          nicolae_wooded_promenade
Elf:2:    elven_hall_of_blades_hangedman_original [grunt_blade_entry_basic],
          layout_onion_city, serial_shops, shop_statue, uniq_azrael
Elf:3:    minmay_elf_hall_hex, layout_geoelf_diagonals
Vaults:1: v_misc_30, v_misc_26, grunt_vaults_focal,
          nicolae_vaults_frosty_reception, vaults_room_fancy_cross,
          dpeg_vaults_monster_row, nicolae_vaults_c_with_doors,
          nicolae_vaults_offset_grid_hallway_1, layout_vaults_omnibox,
          serial_shops, nicolae_shop_window_shopping
Vaults:2: v_pattern_4, nicolae_vaults_trapezoid_lopsided_3, v_misc_4, v_misc_24,
          ontoclasm_vaults_chip, vaults_mumra_hex,
          nicolae_vaults_surprise_closet_hard, layout_vaults_omnigrid
Vaults:3: v_rooms_3, v_misc_9, minmay_crypt_entry_simple_round,
          vaults_room_hallway, vaults_room_grunt_arrival_ludios,
          nicolae_vaults_heist, nicolae_vaults_network_quinsquares
          [nicolae_vaults_network_quincunx_subvault,
          nicolae_vaults_network_quincunx_subvault,
          nicolae_vaults_network_quincunx_subvault,
          nicolae_vaults_network_quincunx_subvault], st_star,
          nicolae_vaults_storage_closets_1, ontoclasm_vaults_twist,
          layout_vaults_chaotic_city, serial_shops, nicolae_shop_drivethru,
          uniq_frederick
Vaults:4: vaults_room_octagon, grunt_vaults_swirl, v_alt_pattern_1,
          hangedman_vaults_stagger, vaults_standard_mumra_enter_the_diamond,
          nicolae_vaults_gold_heap, nicolae_vaults_asterisk,
          nicolae_vaults_heart-shaped_vault, v_pattern_2,
          vaults_room_stairs_pillars, nicolae_vaults_murder_corner,
          vaults_room_semicircle, nicolae_vaults_house_1,
          layout_vaults_omnicross, serial_shops, nicolae_shop_waterfront,
          uniq_jory
Vaults:5
Crypt:1:  layout_regular_city, grunt_crypt_arrival_split, uniq_saint_roka,
          uniq_donald
Crypt:2:  layout_gridlike
Crypt:3:  due_elkab, layout_chaotic_city
Depths:1: layout_honeycomb, nicolae_hell_entry_hellmouth_sunbeams,
          rand_demon_pan_entry_9, nicolae_hexahallways, nicolae_take_the_stairs,
          minmay_mirror_moons_of_madness, uniq_enchantress
Depths:2: thingy_vault_2, layout_basic, rand_demon_pan_entry_8, hell_entry,
          serial_shops, shop, lightli_corner_chamber, uniq_bai_suzhen
Depths:3: nzn_winding_woodlands_small [nzn_winding_woodlands_5x15_zeroes,
          nzn_winding_woodlands_center_garden,
          nzn_winding_woodlands_5x15_default], layout_long_grid, hell_entry,
          nicolae_gozag_cash_rules_everything_around_me, trove_entry_hex_spiral,
          mu_enter_wizlab_7, abyss_entry_flame_altar, pan_entry, serial_shops,
          nicolae_square_shop, minmay_staircase_bubble, minmay_shop_grove,
          uniq_boris
Depths:4: grunt_zot_entry_funnels, layout_cave_pools, enter_ziggurat_f,
          nzn_wu_jian_council_hall, hangedman_tar_grid_catacomb,
          minmay_room_of_horrors, minmay_variable_closet,
          hangedman_decor_riveting

Skill      XL: |  1  2  3  4  5  6  7  8  9 10 11 12 13 14 15 16 17 18 19 20 21 22 23 |
---------------+----------------------------------------------------------------------+-----
Fighting       | 4 5 6 7 9 10 13 16 17 18 19 21 22 23 24 25 | 25.7
Axes           | 4 5 6 7 8 10 12 14 16 18 20 | 20.0
Armour         | 6 7 9 11 13 16 17 18 19 21 22 23 24 25 | 25.6
Shields        | 1 4 11 15 | 15.0
Evocations     | 5 7 8 12 15 16 17 19 | 19.9
Dodging        | 5 6 9 |  9.0
Throwing       | 3 7 |  7.0

Action                     |  1- 3 |  4- 6 |  7- 9 | 10-12 | 13-15 | 16-18 | 19-21 | 22-24 || total
---------------------------+-------+-------+-------+-------+-------+-------+-------+-------++-------
  Melee: Hand axe          |    72 |    82 |       |       |       |       |       |       ||   154
         Headbutt          |    10 |    14 |    50 |   165 |   371 |   387 |   320 |   165 ||  1482
         Punch             |       |     3 |       |       |       |       |       |       ||     3
         War axe           |       |    26 |   255 |   765 |  1246 |  1127 |    15 |       ||  3434
         Broad axe         |       |       |       |       |     8 |    93 |   888 |    92 ||  1081
         Battleaxe         |       |       |       |       |       |       |   127 |   531 ||   658
  Throw: Stone             |     2 |       |     6 |       |       |       |       |       ||     8
         Dart              |       |       |       |     6 |     6 |    15 |     7 |       ||    34
         Boomerang         |       |       |       |     4 |       |     2 |       |       ||     6
 Invoke: Berserk           |     1 |     3 |     5 |    13 |    14 |     3 |     6 |     2 ||    47
         Trog's Hand       |       |     2 |     1 |     3 |     8 |       |     1 |     2 ||    17
         Brothers in Arms  |       |       |       |     3 |     1 |     3 |     3 |     2 ||    12
  Evoke: Wand              |       |       |     1 |     3 |    10 |     3 |    16 |       ||    33
         Box of beasts     |       |       |       |       |       |     1 |       |       ||     1
    Use: Scroll            |       |     5 |     3 |    10 |    13 |     8 |     9 |     9 ||    57
         Potion            |       |     1 |       |     1 |     3 |     3 |     1 |     7 ||    16
   Stab: Paralysed         |       |       |     3 |       |       |       |       |       ||     3
         Distracted        |       |       |       |       |    13 |    31 |     1 |     2 ||    47
         Confused          |       |       |       |       |       |     1 |       |       ||     1
         Held in net/web   |       |       |       |       |       |     1 |       |       ||     1
 Armour: Animal skin       |     8 |       |       |       |       |       |       |       ||     8
         Chain mail        |    15 |    73 |    57 |       |       |       |       |       ||   145
         Plate armour      |       |       |    44 |   342 |   423 |   490 |       |       ||  1299
         Skin              |       |       |       |     3 |       |       |       |       ||     3
         Gold dragon scale |       |       |       |       |       |     6 |   119 |       ||   125
         Crystal plate arm |       |       |       |       |       |       |   366 |   444 ||   810
  Dodge: Dodged            |    27 |    24 |    60 |   178 |   289 |   299 |   349 |   349 ||  1575
  Block: Buckler           |       |       |    20 |    82 |   145 |       |       |       ||   247
         Kite shield       |       |       |       |       |   115 |   582 |   512 |    64 ||  1273

Table legend: (Time is in decaauts)
 A = Elapsed time spent in this place.
 B = Non-inter-level travel time spent in this place.
 C = Inter-level travel time spent in this place.
 D = Time resting spent in this place.
 E = Time spent auto-exploring this place.
 F = Levels seen in this place.
 G = Mean time per level.
                   A        B        C        D        E       F      G
               +--------+--------+--------+--------+--------+-----+--------+
         Total |  59301 |  54311 |   4990 |   8863 |  23718 |  48 | 1235.4 |
       Dungeon |  17726 |  15976 |   1750 |   2372 |   9066 |  15 | 1181.7 |
          Lair |   8133 |   7312 |    821 |   1518 |   3553 |   5 | 1626.6 |
         Swamp |   4152 |   3917 |    235 |    757 |   1396 |   4 | 1038.0 |
   Spider Nest |   4898 |   4502 |    396 |    764 |   1656 |   4 | 1224.5 |
  Orcish Mines |   2096 |   1801 |    295 |    163 |    789 |   2 | 1048.0 |
   Elven Halls |   3733 |   3456 |    277 |    230 |   1009 |   3 | 1244.3 |
        Vaults |   6883 |   6238 |    645 |    935 |   2449 |   5 | 1376.6 |
         Crypt |   3294 |   3064 |    230 |    174 |   1229 |   3 | 1098.0 |
        Depths |   5946 |   5607 |    339 |    766 |   2544 |   4 | 1486.5 |
       Ossuary |    399 |    399 |      0 |     34 |      0 |   1 |  399.0 |
      Ice Cave |   1682 |   1682 |      0 |   1105 |     26 |   1 | 1682.0 |
        Wizlab |    356 |    356 |      0 |     40 |      0 |   1 |  356.0 |
               +--------+--------+--------+--------+--------+-----+--------+

Top non-repeatable levels by time:
  Lair:3: 2678 daAuts
Vaults:3: 2379 daAuts
     D:8: 2078 daAuts
  Lair:1: 2015 daAuts
   Elf:3: 1960 daAuts
Depths:1: 1956 daAuts
   IceCv: 1682 daAuts
    D:10: 1668 daAuts
Spider:4: 1588 daAuts
Depths:3: 1529 daAuts
Vaults:1: 1476 daAuts
Vaults:4: 1472 daAuts
  Lair:2: 1470 daAuts
Vaults:2: 1426 daAuts
    D:13: 1420 daAuts
